Workbook
Name AbaDeprec: '5. Depreciação'!$A$9
Name AbaRemun: '6.Remuneração de capital'!$B$9

Sheet 1. Coleta Domiciliar
A5: PROPONENTE: | B5: MUNICIPIO DE PINHAL GRANDE
A6: SERVIÇO | B6: COLETA DE RESÍDUOS SÓLIDOS DOMICILIARES
A7: LOCAL | B7: BAIRRO LIMIERA, INTEGRAÇÃO E SÃO JOSÉ DO PINHAL
A9: 1. Coleta de Resíduos Sólidos
A10: Planilha de Composição de Custos
A12: Orçamento Sintético
A13: Descrição do Item | E13: Custo (R$/mês) | F13: %
A14: =A51 -> 1. Mão-de-obra | E14: =+F141 -> 3691.147 | F14: =IFERROR(E14/$E$34,0) -> 0.27790047
A15: =A53 -> 1.1. Coletor Turno Dia | E15: =F64 -> 1839.1657 | F15: =IFERROR(E15/$E$34,0) -> 0.13846781
A16: =A66 -> 1.2. Coletor Turno Noite | E16: =F83 -> 0 | F16: =IFERROR(E16/$E$34,0) -> 0
A17: =A85 -> 1.3. Motorista Turno do Dia | E17: =F98 -> 1259.8469 | F17: =IFERROR(E17/$E$34,0) -> 0.09485183
A18: =A100 -> 1.4. Motorista Turno Noite | E18: =F119 -> 0 | F18: =IFERROR(E18/$E$34,0) -> 0
A19: =A121 -> 1.5. Vale Transporte | E19: =F127 -> -59.8656 | F19: =IFERROR(E19/$E$34,0) -> -0.004507184
A20: =A129 -> 1.6. Vale-refeição (diário) | E20: =F133 -> 652 | F20: =IFERROR(E20/$E$34,0) -> 0.049088023
A21: =A135 -> 1.7. Auxílio Alimentação (mensal) | E21: =F139 -> 0 | F21: =IFERROR(E21/$E$34,0) -> 0
A22: =A143 -> 2. Uniformes e Equipamentos de Proteção Individual | E22: =+F175 -> 101.13605 | F22: =IFERROR(E22/$E$34,0) -> 0.007614369
A23: =A177 -> 3. Veículos e Equipamentos | E23: =+F254 -> 6676.5959 | F23: =IFERROR(E23/$E$34,0) -> 0.50267008
A24: =A179 -> 3.1. Veículo Coletor Compactador 08 m³ | E24: =SUM(E25:E30) -> 6676.5959 | F24: =IFERROR(E24/$E$34,0) -> 0.50267008
A25: =A181 -> 3.1.1. Depreciação | E25: =F195 -> 320.51108 | F25: =IFERROR(E25/$E$34,0) -> 0.024130759
A26: =A197 -> 3.1.2. Remuneração do Capital | E26: =F211 -> 238.00028 | F26: =IFERROR(E26/$E$34,0) -> 0.017918655
A27: =A213 -> 3.1.3. Impostos e Seguros | E27: =F219 -> 75.433812 | F27: =IFERROR(E27/$E$34,0) -> 0.0056792894
A28: =A221 -> 3.1.4. Consumos | E28: =F237 -> 3802.5693 | F28: =IFERROR(E28/$E$34,0) -> 0.28628928
A29: =A239 -> 3.1.5. Manutenção | E29: =F242 -> 1540.5764 | F29: =IFERROR(E29/$E$34,0) -> 0.1159875
A30: =A244 -> 3.1.6. Pneus | E30: =F251 -> 699.50496 | F30: =IFERROR(E30/$E$34,0) -> 0.052664594
A31: =A256 -> 4. Ferramentas e Materiais de Consumo | E31: =+F266 -> 16.25 | F31: =IFERROR(E31/$E$34,0) -> 0.0012234362
A32: =A268 -> 5. Monitoramento da Frota | E32: =+F277 -> 18.004394 | F32: =IFERROR(E32/$E$34,0) -> 0.0013555216
A33: =A281 -> 6. Benefícios e Despesas Indiretas - BDI | E33: =+F287 -> 2779.1291 | F33: =IFERROR(E33/$E$34,0) -> 0.20923612
A34: PREÇO TOTAL MENSAL COM A COLETA | E34: =E14+E22+E23+E31+E32+E33 -> 13282.262 | F34: =F14+F22+F23+F31+F32+F33 -> 1
A37: Quantitativos
A38: Mão-de-obra | E38: Quantidade
A39: =+A53 -> 1.1. Coletor Turno Dia | E39: =C63 -> 2
A40: =+A66 -> 1.2. Coletor Turno Noite | E40: =C82 -> 0
A41: =+A85 -> 1.3. Motorista Turno do Dia | E41: =C97 -> 1
A42: =+A100 -> 1.4. Motorista Turno Noite | E42: =C118 -> 0
A43: Total de mão-de-obra (postos de trabalho) | E43: =SUM(E39:E42) -> 3
A45: Veículos e Equipamentos | E45: Quantidade
A46: =+A179 -> 3.1. Veículo Coletor Compactador 08 m³ | E46: =C194 -> 1
A49: Fator de utilização (FU) | B49: =13.24/44 -> 0.30090909
A51: 1. Mão-de-obra
A53: 1.1. Coletor Turno Dia
A54: Discriminação | B54: Unidade | C54: Quantidade | D54: Custo unitário | E54: Subtotal | F54: Total (R$)
A55: Piso da categoria | B55: mês | C55: 1 | D55: 1221.88 | E55: =C55*D55 -> 1221.88
A56: Horas Extras (100%) | B56: hora | C56: 2 | D56: =D55/220*2 -> 11.108 | E56: =C56*D56 -> 22.216 | G56: Excluir esta linha caso a contratação não tenha previsão de horas extras 100% explícita no edital
A57: Horas Extras (50%) | B57: hora | C57: 0 | D57: =D55/220*1.5 -> 8.331 | E57: =C57*D57 -> 0 | G57: Excluir esta linha caso a contratação não tenha previsão de horas extras 50% explícita no edital
A58: Descanso Semanal Remunerado (DSR) - hora extra | B58: R$ | D58: =63/302*(SUM(E56:E57)) -> 4.6344636 | E58: =D58 -> 4.6344636 | G58: Excluir esta linha caso a contratação não tenha previsão de horas extras explícita no edital
A59: Adicional de Insalubridade | B59: % | C59: 40 | D59: =SUM(E55:E58) -> 1248.7305 | E59: =C59*D59/100 -> 499.49219
A60: Soma | E60: =SUM(E55:E59) -> 1748.2226
A61: Encargos Sociais | B61: % | C61: ='2.Encargos Sociais'!$C$42*100 -> 74.807 | D61: =E60 -> 1748.2226 | E61: =D61*C61/100 -> 1307.7929
A62: Total por Coletor | E62: =E60+E61 -> 3056.0156
A63: Total do Efetivo | B63: homem | C63: 2 | D63: =E62 -> 3056.0156 | E63: =C63*D63 -> 6112.0311
D64: Fator de utilização | E64: =$B$49 -> 0.30090909 | F64: =E63*E64 -> 1839.1657
A66: 1.2. Coletor Turno Noite
A67: Discriminação | B67: Unidade | C67: Quantidade | D67: Custo unitário | E67: Subtotal | F67: Total (R$)
A68: Piso da categoria | B68: mês | C68: 1 | D68: =D55 -> 1221.88 | E68: =C68*D68 -> 1221.88
A69: Adicional Noturno | B69: horas trabalhadas
B70: hora contabilizada | C70: =C69*8/7 -> 0 | D70: =D68/220*0.2 -> 1.1108 | E70: =C69*D70 -> 0
A71: Horas Extras (100%) | B71: hora | D71: =D68/220*2 -> 11.108 | E71: =C71*D71 -> 0 | G71: Excluir esta linha caso a contratação não tenha previsão de horas extras 100% explícita no edital
A72: Horas Extras Noturnas (100%) | B72: horas trabalhadas | G72: Excluir esta linha caso a contratação não tenha previsão de horas extras noturnas 100% explícita no edital
B73: hora contabilizada | C73: =C72*8/7 -> 0 | D73: =D68/220*2*1.2 -> 13.3296 | E73: =C73*D73 -> 0 | G73: Excluir esta linha caso a contratação não tenha previsão de horas extras noturnas 100% explícita no edital
A74: Horas Extras (50%) | B74: hora | D74: =D68/220*1.5 -> 8.331 | E74: =C74*D74 -> 0 | G74: Excluir esta linha caso a contratação não tenha previsão de horas extras 50% explícita no edital
A75: Horas Extras Noturnas (50%) | B75: horas trabalhadas | G75: Excluir esta linha caso a contratação não tenha previsão de horas extras noturnas 50% explícita no edital
B76: hora contabilizada | C76: =C75*8/7 -> 0 | D76: =D68/220*1.5*1.2 -> 9.9972 | E76: =C76*D76 -> 0 | G76: Excluir esta linha caso a contratação não tenha previsão de horas extras noturnas 50% explícita no edital
A77: Descanso Semanal Remunerado (DSR) - hora extra | B77: R$ | D77: =63/302*(SUM(E71:E76)) -> 0 | E77: =D77 -> 0 | G77: Excluir esta linha caso a contratação não tenha previsão de horas extras explícita no edital
A78: Adicional de Insalubridade | B78: % | C78: =+C59 -> 40 | D78: =SUM(E68:E77) -> 1221.88 | E78: =C78*D78/100 -> 488.752
A79: Soma | E79: =SUM(E68:E78) -> 1710.632
A80: Encargos Sociais | B80: % | C80: ='2.Encargos Sociais'!$C$42*100 -> 74.807 | D80: =E79 -> 1710.632 | E80: =D80*C80/100 -> 1279.6725
A81: Total por Coletor | E81: =E79+E80 -> 2990.3045
A82: Total do Efetivo | B82: homem | D82: =E81 -> 2990.3045 | E82: =C82*D82 -> 0
D83: Fator de utilização | E83: =$B$49 -> 0.30090909 | F83: =E82*E83 -> 0
A85: 1.3. Motorista Turno do Dia
A86: Discriminação | B86: Unidade | C86: Quantidade | D86: Custo unitário | E86: Subtotal | F86: Total (R$)
A87: Piso da categoria (1) | B87: mês | C87: 1 | D87: 1674 | E87: =C87*D87 -> 1674
A88: Salário mínimo nacional (2) | B88: mês | C88: 1 | D88: 937
A89: Horas Extras (100%) | B89: hora | C89: 2 | D89: =D87/220*2 -> 15.218182 | E89: =C89*D89 -> 30.436364 | G89: Excluir esta linha caso a contratação não tenha previsão de horas extras 100% explícita no edital
A90: Horas Extras (50%) | B90: hora | C90: 0 | D90: =D87/220*1.5 -> 11.413636 | E90: =C90*D90 -> 0 | G90: Excluir esta linha caso a contratação não tenha previsão de horas extras 50% explícita no edital
A91: Descanso Semanal Remunerado (DSR) - hora extra | B91: R$ | D91: =63/302*(SUM(E89:E90)) -> 6.3493076 | E91: =D91 -> 6.3493076 | G91: Excluir esta linha caso a contratação não tenha previsão de horas extras explícita no edital
A92: Base de cálculo da Insalubridade | C92: 2
A93: Adicional de Insalubridade | B93: % | C93: 40 | D93: =IF(C92=2,SUM(E87:E91),IF(C92=1,(SUM(E87:E91))*D88/D87,0)) -> 1710.7857 | E93: =C93*D93/100 -> 684.31427
A94: Soma | E94: =SUM(E87:E93) -> 2395.0999
A95: Encargos Sociais | B95: % | C95: ='2.Encargos Sociais'!$C$42*100 -> 74.807 | D95: =E94 -> 2395.0999 | E95: =D95*C95/100 -> 1791.7024
A96: Total por Motorista | E96: =E94+E95 -> 4186.8024
A97: Total do Efetivo | B97: homem | C97: 1 | D97: =E96 -> 4186.8024 | E97: =C97*D97 -> 4186.8024
D98: Fator de utilização | E98: =$B$49 -> 0.30090909 | F98: =E97*E98 -> 1259.8469
A100: 1.4. Motorista Turno Noite
A101: Discriminação | B101: Unidade | C101: Quantidade | D101: Custo unitário | E101: Subtotal | F101: Total (R$)
A102: Piso da categoria | B102: mês | C102: 1 | D102: =D87 -> 1674 | E102: =C102*D102 -> 1674
A103: Salário mínimo nacional | B103: mês | C103: 1 | D103: =D88 -> 937
A104: Adicional Noturno | B104: horas trabalhadas
B105: hora contabilizada | C105: =C104*8/7 -> 0 | D105: =D102/220*0.2 -> 1.5218182 | E105: =C104*D105 -> 0
A106: Horas Extras (100%) | B106: hora | D106: =D102/220*2 -> 15.218182 | E106: =C106*D106 -> 0 | G106: Excluir esta linha caso a contratação não tenha previsão de horas extras 100% explícita no edital
A107: Horas Extras Noturnas (100%) | B107: horas trabalhadas | G107: Excluir esta linha caso a contratação não tenha previsão de horas extras noturnas 100% explícita no edital
B108: hora contabilizada | C108: =C107*8/7 -> 0 | D108: =D102/220*2*1.2 -> 18.261818 | E108: =C108*D108 -> 0 | G108: Excluir esta linha caso a contratação não tenha previsão de horas extras noturnas 100% explícita no edital
A109: Horas Extras (50%) | B109: hora | D109: =D102/220*1.5 -> 11.413636 | E109: =C109*D109 -> 0 | G109: Excluir esta linha caso a contratação não tenha previsão de horas extras 50% explícita no edital
A110: Horas Extras Noturnas (50%) | B110: horas trabalhadas | G110: Excluir esta linha caso a contratação não tenha previsão de horas extras noturnas 50% explícita no edital
B111: hora contabilizada | C111: =C110*8/7 -> 0 | D111: =D102/220*1.5*1.2 -> 13.696364 | E111: =C111*D111 -> 0 | G111: Excluir esta linha caso a contratação não tenha previsão de horas extras noturnas 50% explícita no edital
A112: Descanso Semanal Remunerado (DSR) - hora extra | B112: R$ | D112: =63/302*(SUM(E106:E111)) -> 0 | E112: =D112 -> 0 | G112: Excluir esta linha caso a contratação não tenha previsão de horas extras explícita no edital
A113: Base de cálculo da Insalubridade
A114: Adicional de Insalubridade | B114: % | C114: =+C93 -> 40 | D114: =IF(C113=2,SUM(E102:E112),IF(C113=1,SUM(E102:E112)*D103/D102,0)) -> 0 | E114: =C114*D114/100 -> 0
A115: Soma | E115: =SUM(E102:E114) -> 1674
A116: Encargos Sociais | B116: % | C116: ='2.Encargos Sociais'!$C$42*100 -> 74.807 | D116: =E115 -> 1674 | E116: =D116*C116/100 -> 1252.2692
...

Sheet 2.Encargos Sociais
A8: PROPONENTE: | B8: MUNICIPIO DE PINHAL GRANDE
A9: SERVIÇO | B9: COLETA DE RESÍDUOS SÓLIDOS DOMICILIARES
A10: LOCAL | B10: BAIRRO LIMIERA, INTEGRAÇÃO E SÃO JOSÉ DO PINHAL
A12: 2. Composição dos Encargos Sociais
A13: Código | B13: Descrição | C13: Valor
A14: A1 | B14: INSS | C14: 0.2
A15: A2 | B15: SESI | C15: 0.015
A16: A3 | B16: SENAI | C16: 0.01
A17: A4 | B17: INCRA | C17: 0.002
A18: A5 | B18: SEBRAE | C18: 0.006
A19: A6 | B19: Salário educação | C19: 0.025
A20: A7 | B20: Seguro contra acidentes de trabalho | C20: 0.03
A21: A8 | B21: FGTS | C21: 0.08
A22: A | B22: SOMA GRUPO A | C22: =SUM(C14:C21) -> 0.368
A24: B1 | B24: Férias gozadas | C24: =ROUND(IF('3.CAGED'!C37>24,(1-12/'3.CAGED'!C37)*0.1111,0.1111-C33),4) -> 0.0622
A25: B2 | B25: 13º salário | C25: =ROUND('3.CAGED'!C31/'3.CAGED'!C28,4) -> 0.0833
A26: B3 | B26: Licença Paternidade | C26: 0.0006
A27: B4 | B27: Faltas justificadas | C27: 0.0082
A28: B5 | B28: Auxilio acidente de trabalho | C28: 0.00277
A29: B6 | B29: Auxilio doença | C29: 0.0166
A30: B | B30: SOMA GRUPO B | C30: =SUM(C24:C29) -> 0.17367
A32: C1 | B32: Aviso prévio indenizado | C32: =ROUND(('3.CAGED'!C36) *'3.CAGED'!C27/'3.CAGED'!C28,4) -> 0.0366
A33: C2 | B33: Férias indenizadas | C33: =ROUND(IF('3.CAGED'!C37>12,12/'3.CAGED'!C37*0.1111,0.1111),4) -> 0.0489
A34: C3 | B34: Férias indenizadas s/ aviso previo inden. | C34: =(ROUND((('3.CAGED'!C30+'3.CAGED'!C29)/ 360)*C32,4)) -> 0.0041
A35: C4 | B35: Depósito rescisão sem justa causa | C35: =ROUND(('3.CAGED'!C28+'3.CAGED'!C29+'3.CAGED'!C31)/'3.CAGED'!C26*'3.CAGED'!C33*'3.CAGED'!C34*'3.CAGED'!C27/'3.CAGED'!C28,4) -> 0.0369
A36: C5 | B36: Indenização adicional | C36: =ROUND(('3.CAGED'!C30/'3.CAGED'!C28)*'3.CAGED'!C27/12,4) -> 0.0025
A37: C | B37: SOMA GRUPO C | C37: =SUM(C32:C36) -> 0.129
A39: D1 | B39: Reincidência de Grupo A sobre Grupo B | C39: =ROUND(C22*C30,4) -> 0.0639
A40: D2 | B40: Reincidência de Grupo A sobre aviso prévio indenizado | C40: =ROUND((C32*C22),4) -> 0.0135
A41: D | B41: SOMA GRUPO D | C41: =SUM(C39:C40) -> 0.0774
B42: SOMA (A+B+C+D) | C42: =C41+C37+C30+C22 -> 0.74807

Sheet 3.CAGED
A5: PROPONENTE: | B5: MUNICIPIO DE PINHAL GRANDE
A6: SERVIÇO | B6: COLETA DE RESÍDUOS SÓLIDOS DOMICILIARES
A7: LOCAL | B7: BAIRRO LIMIERA, INTEGRAÇÃO E SÃO JOSÉ DO PINHAL
B9: 3. CAGED
B10: Rio Grande do Sul - Coleta de Resíduos Não-Perigosos - CNAE 38114
B11: Admissões | C11: 1928
B12: Desligamentos | C12: 2697
B13: Dispensados com justa causa | C13: 117
B14: Dispensados sem justa causa | C14: 1921
B15: Espontâneos | C15: 320
B16: Fim de contrato por prazo determinado | C16: 22
B17: Término de contrato | C17: 278
B18: Aposentados | C18: 0
B19: Mortos | C19: 29
B20: Transferência de saída | C20: 0
B21: Indicadores
B22: Estoque recuperado início do Período (01/08/2017) | C22: 5637
B23: Estoque recuperado final do Período (31/07/2018) | C23: 4868
B24: Variação Emprego Absoluta de (01/08/2017 - 31/07/2018) | C24: =C23-C22 -> -769
B26: Rotatividade | C26: =MEDIAN(C11,C12)/MEDIAN(C22,C23) -> 0.44026654 | G26: =12/C26 -> 27.256216
B27: Demitidos s/ Justa Causa em relação ao Estoque Médio | C27: =C14/MEDIAN(C22,C23) -> 0.3657306
B28: Dias ano | C28: 360
B29: 1/3 de férias (dias) | C29: 10
B30: Férias (dias) | C30: 30 | G30: =TRUNC(G35) -> 3
B31: 13º Salário (dias) | C31: 30
B32: Estoque Médio | C32: =MEDIAN(C22,C23) -> 5252.5
B33: FGTS | C33: 0.08 | K33: =IF(C37>12,C37-12,C37) -> 15.2562
B34: Multa FGTS | C34: 0.5 | K34: =IF(#REF!>12,#REF!-12,#REF!) -> #REF!
B35: Fração de tempo para gozo férias | C35: =((1/C26)-TRUNC(E35)) -> 0.27135135 | D35: =TRUNC(E35) -> 2 | E35: =1/C26 -> 2.2713514 | F35: =((1/C26)-TRUNC(E35)) -> 0.27135135 | G35: =12*F35 -> 3.2562162 | K35: =IF(#REF!>12,#REF!-12,#REF!) -> #REF!
B36: Dias de Aviso prévio | C36: =30+D36 -> 36 | D36: =3*D35 -> 6 | G36: =G35/12*40/360 -> 0.03015015 | K36: =IF(#REF!>12,#REF!-12,#REF!) -> #REF!
B37: Rotatividade temporal (meses) | C37: 27.2562 | K37: =IF(#REF!>12,#REF!-12,#REF!) -> #REF!
K38: =IF(K37>12,K37-12,K37) -> #REF!
K39: =IF(K38>12,K38-12,K38) -> #REF!

Sheet 4.BDI
A5: PROPONENTE: | B5: MUNICIPIO DE PINHAL GRANDE
A6: SERVIÇO | B6: COLETA DE RESÍDUOS SÓLIDOS DOMICILIARES
A7: LOCAL | B7: BAIRRO LIMIERA, INTEGRAÇÃO E SÃO JOSÉ DO PINHAL
A9: 4. Composição do BDI - Benefícios e Despesas Indiretas
D11: Referência estudo TCE
D12: 1° Quartil | E12: Médio | F12: 3° Quartil
A13: Administração Central | B13: AC | C13: 0.0508 | D13: 0.0297 | E13: 0.0508 | F13: 0.0627
A14: Seguros/Riscos/Garantias | B14: SRG | C14: 0.0133 | D14: =0.3%+0.56% -> 0.0086 | E14: =0.48%+0.85% -> 0.0133 | F14: =0.82%+0.89% -> 0.0171
A15: Lucro | B15: L | C15: 0.1085 | D15: 0.0778 | E15: 0.1085 | F15: 0.1355
A16: Despesas Financeiras | B16: DF | C16: =(1+E16)^(E17/252)-1 -> 0.00082581077 | D16: i | E16: 0.0718
A17: Tributos - ISS | B17: T | C17: 0.03 | D17: DU | E17: 3
A18: Tributos - PIS/COFINS | C18: 0.0365
A19: Fórmula para o cálculo do BDI:
A20: {[(1+AC+SRG) x (1+L) x (1+DF)] / (1-T)} -1
A21: Resultado do cálculo do BDI: | C21: =ROUND((((1+C13+C14)*(1+C15)*(1+C16))/(1-(C17+C18))-1),4) -> 0.2646 | D21: 0.2143 | E21: 0.2717 | F21: 0.3362

Sheet 5. Depreciação
A5: PROPONENTE: | B5: MUNICIPIO DE PINHAL GRANDE
A6: SERVIÇO | B6: COLETA DE RESÍDUOS SÓLIDOS DOMICILIARES
A7: LOCAL | B7: BAIRRO LIMIERA, INTEGRAÇÃO E SÃO JOSÉ DO PINHAL
A9: 5. Depreciação Referencial TCE/RS (%)
A10: Idade do veículo (ano) | B10: Depreciação Média
A11: 1 | B11: 33.63
A12: 2 | B12: 43.13
A13: 3 | B13: 48.68
A14: 4 | B14: 52.62
A15: 5 | B15: 55.68
A16: 6 | B16: 58.18
A17: 7 | B17: 60.29
A18: 8 | B18: 62.12
A19: 9 | B19: 63.73
A20: 10 | B20: 65.18
A21: 11 | B21: 66.48
A22: 12 | B22: 67.67
... A25: 15 | B25: 70.73

Sheet 6.Remuneração de capital
A5: PROPONENTE: | B5: MUNICIPIO DE PINHAL GRANDE
A6: SERVIÇO | B6: COLETA DE RESÍDUOS SÓLIDOS DOMICILIARES
A7: LOCAL | B7: BAIRRO LIMIERA, INTEGRAÇÃO E SÃO JOSÉ DO PINHAL
B9: 6. Remuneração de Capital
B11: Fórmula de cálculo da remuneração de capital:
B20: Jm = remuneração de capital mensal
B21: i = taxa de juros do mercado (sugere-se adotar a taxa SELIC)
B22: Im = investimento médio
B23: V0 = valor inicial do bem
B24: Vr = valor residual do bem
B25: n = vida útil do bem em anos

Sheet 7. Dimensionamento
A5: PROPONENTE: | B5: MUNICIPIO DE PINHAL GRANDE
A6: SERVIÇO | B6: COLETA DE RESÍDUOS SÓLIDOS DOMICILIARES
A7: LOCAL | B7: BAIRRO LIMIERA, INTEGRAÇÃO E SÃO JOSÉ DO PINHAL
B9: 7. Dimensionamento da frota
B11: Indicador | C11: Unid | D11: Valor
B12: População (H) | C12: hab | D12: 1895
B13: Geração per capita (G) | C13: Kg/hab.dia | D13: 0.4
B14: Geração total diária (Qd) | C14: ton/dia | D14: =D12*D13/1000 -> 0.758
B15: Geração Mensal | C15: ton | D15: =(D14*30) -> 22.74
B16: Número de dias de coleta por semana (Dc) | C16: dia | D16: 2
B17: Quantitativo diário de coleta (Qc) | C17: ton/dia | D17: =IFERROR(D14*7/D16,0) -> 2.653
B18: Densidade RSU compactado | C18: Kg/m³ | D18: 500
B19: Tipo de Veículo (1 = toco, 2 = truck) | D19: 1
B20: Capacidade do Compactador | C20: m³ | D20: 8
B21: Capacidade nominal de carga (Cc) | C21: ton | D21: =IF(AND(D20>=15,D19=1),5.8,D20/2) -> 4
B22: Número de Cargas por dia (Nc) | D22: =IFERROR(D17/D21,0) -> 0.66325
B23: Número total de percursos de coleta por veículo, por dia (Np) | D23: 1
B24: Número de veículos da Frota (F) | D24: =IFERROR(D22/D23,0) -> 0.66325
